[Event "Djerba Festival Blitz 2025"]
[Site "Djerba"]
[Date "2025.02.21"]
[Round "7.1"]
[White "Oro, Faustino"]
[Black "Dardha, Daniel"]
[Result "0-1"]
[ECO "E12"]
[WhiteElo "2447"]
[BlackElo "2652"]
[PlyCount "148"]
[EventDate "2025.02.15"]
[EventType "swiss"]
[EventCountry "TUN"]
[TimeControl "180+3"]

1. d4 Nf6 2. c4 e6 3. Nf3 b6 4. a3 Ba6 5. Qc2 c5 6. d5 exd5 7. cxd5 Bb7 8. e4 Qe7 9. Bd3 Nxd5 10. O-O Nc7 11. Nc3 Qd8 12. Bc4 Be7 13. e5 O-O 14. Qf5 Ne6 15. Nd5 Nc6 16. Bd3 g6 17. Nxe7+ Qxe7 18. Qg4 Ncd4 19. Nxd4 Nxd4 20. Re1 Qe6 21. Qg3 Rfe8 22. Bg5 d6 23. Bf6 dxe5 24. Qh4 Nf5 25. Bxf5 Qxf5 26. Rad1 Re6 27. Bg5 h5 28. h3 f6 29. Be3 Bc6 30. Rd2 Qe4 31. Qxe4 Bxe4 32. Bxc5 Bxg2 33. Kxg2 bxc5 34. Rc1 Rc6 35. Rd7 a6 36. Rcd1 Rf8 37. R1d5 Rf7 38. Rd8+ Kg7 39. Rb8 h4 40. Rb3 c4 41. Rb4 Kh6 42. Ra4 Rb7 43. Rd2 Rb3 44. Rc2 Kg5 45. Ra5 c3 46. bxc3 Rcxc3 47. Rxc3 Rxc3 48. Rxa6 e4 49. a4 Rc2 50. Re6 f5 51. a5 Ra2 52. a6 Kf4 53. a7 Rxa7 54. Rxg6 Ra2 55. Re6 Re2 56. Rh6 Kg5 57. Re6 f4 58. Kf1 f3 59. Re8 Kf4 60. Rf8+ Ke5 61. Re8+ Kd4 62. Rd8+ Kc3 63. Rc8+ Kd3 64. Rd8+ Kc2 65. Ra8 Rd2 66. Kg1 Rd1+ 67. Kh2 e3 68. Ra2+ Kb3 69. Ra8 Rd2 70. Rb8+ Kc4 71. Rc8+ Kd3 72. Rd8+ Ke2 73. Rh8 Kxf2 74. Rxh4 e2 0-1

[Event "Djerba Festival Blitz 2025"]
[Site "Djerba"]
[Date "2025.02.21"]
[Round "7.2"]
[White "Maurizzi, Marc`Andria"]
[Black "Kobalia, Mikhail"]
[Result "1-0"]
[ECO "B80"]
[WhiteElo "2581"]
[BlackElo "2538"]
[PlyCount "126"]
[EventDate "2025.02.15"]
[EventType "swiss"]
[EventCountry "TUN"]
[TimeControl "180+3"]

1. e4 c5 2. Nf3 e6 3. d4 cxd4 4. Nxd4 Nc6 5. Nc3 a6 6. Be3 Nf6 7. Bd3 d6 8. O-O Be7 9. Nb3 b5 10. a3 O-O 11. f4 Bb7 12. Qf3 Nd7 13. Rad1 Qc7 14. Qh3 Rfd8 15. f5 exf5 16. Nd5 Qb8 17. Qxf5 Nde5 18. Nd4 Bf8 19. Qg5 Kh8 20. Nf5 Re8 21. Rf4 Re6 22. Qg3 Rg6 23. Qh3 Qd8 24. Rh4 h6 25. Nf4 Rf6 26. Nh5 Rg6 27. Kh1 Ne7 28. Nf4 Nxf5 29. exf5 Rg5 30. Rh5 Rxh5 31. Nxh5 Be7 32. Nxg7 Bg5 33. Nh5 Bxe3 34. Qxe3 Qg5 35. Qxg5 hxg5 36. Be2 Rc8 37. c3 Rd8 38. Ng3 Kg7 39. Kg1 g4 40. Rd4 Kh6 41. Bxg4 Nc4 42. Bh3 Nxb2 43. f6 Re8 44. Nf5+ Kg5 45. Nxd6 Re1+ 46. Kf2 Rc1 47. Nxb7 Rxc3 48. Nd6 Rc2+ 49. Ke1 Kxf6 50. Rd2 Rc1+ 51. Ke2 Na4 52. Rd3 Rc2+ 53. Kf3 Nc5 54. Ne4+ Nxe4 55. Kxe4 Rc4+ 56. Kd5 Ra4 57. Rf3+ Ke7 58. Kc5 Rh4 59. Kb6 Rh6+ 60. Ka5 Rd6 61. Bc8 Rd2 62. Rg3 Ra2 63. Bxa6 Kd6 1-0

[Event "Djerba Festival Blitz 2025"]
[Site "Djerba"]
[Date "2025.02.21"]
[Round "7.3"]
[White "Njili, Kamel"]
[Black "Moussard, Jules"]
[Result "0-1"]
[ECO "B94"]
[WhiteElo "2406"]
[BlackElo "2595"]
[PlyCount "50"]
[EventDate "2025.02.15"]
[EventType "swiss"]
[EventCountry "TUN"]
[TimeControl "180+3"]

1. e4 c5 2. Nf3 d6 3. d4 cxd4 4. Nxd4 Nf6 5. Nc3 a6 6. Bg5 Nbd7 7. Bc4 Qb6 8. Bb3 e6 9. O-O Be7 10. Be3 Nc5 11. f4 Qc7 12. f5 b5 13. fxe6 fxe6 14. Bg5 Nxb3 15. axb3 b4 16. Bxf6 Bxf6 17. Rxf6 gxf6 18. Ncb5 Qc5 19. e5 O-O 20. Qg4+ Kh8 21. exf6 Rxf6 22. Qh4 Rf8 23. Qe7 Bd7 24. Qxd7 axb5 25. Rxa8 Qxd4+ 0-1

[Event "Djerba Festival Blitz 2025"]
[Site "Djerba"]
[Date "2025.02.21"]
[Round "7.4"]
[White "Boudriga, Mohamed Ali"]
[Black "Stopa, Jacek"]
[Result "0-1"]
[ECO "C11"]
[WhiteElo "2323"]
[BlackElo "2310"]
[PlyCount "75"]
[EventDate "2025.02.15"]
[EventType "swiss"]
[EventCountry "TUN"]
[TimeControl "180+3"]

1. e4 e6 2. d4 d5 3. Nc3 Nf6 4. e5 Nfd7 5. f4 c5 6. Nf3 Nc6 7. Be3 Qb6 8. Na4 Qa5+ 9. c3 b6 10. a3 c4 11. b4 cxb3 12. Qxb3 Ba6 13. Nb2 Bxf1 14. Rxf1 Be7 15. a4 O-O 16. Kf2 Rac8 17. Rfc1 Qa6 18. Qb5 Qb7 19. c4 a6 20. Qb3 Na5 21. Qd3 f6 22. cxd5 Qxd5 23. Qxa6 Rxc1 24. Rxc1 fxe5 25. dxe5 Nb3 26. Rd1 Qc6 27. Qc4 Nbc5 28. Qb5 Qc7 29. Kg1 Ra8 30. Nc4 Nxa4 31. Rxd7 Qc8 32. Rxe7 Nc3 33. Qd7 Ra1+ 34. Kf2 Ne4+ 35. Ke2 Qxc4+ 36. Qd3 Nc3+ 37. Kf2 Qxd3 38. Ng5 0-1

[Event "Djerba Festival Blitz 2025"]
[Site "Djerba"]
[Date "2025.02.21"]
[Round "7.5"]
[White "Filali, Razzouki Marouane"]
[Black "Willems, Niels"]
[Result "0-1"]
[ECO "D05"]
[WhiteElo "2234"]
[BlackElo "2414"]
[PlyCount "38"]
[EventDate "2025.02.15"]
[EventType "swiss"]
[EventCountry "TUN"]
[TimeControl "180+3"]

1. c3 Nf6 2. d4 d5 3. Nf3 c5 4. e3 e6 5. Bd3 Nbd7 6. Nbd2 b6 7. O-O Bb7 8. Re1 Ne4 9. c4 Bd6 10. b3 cxd4 11. exd4 f5 12. Bb2 O-O 13. Ne5 Nxe5 14. dxe5 Bc5 15. Re2 Qh4 16. Nf3 Nxf2 17. Nxh4 Nxd1+ 18. Kf1 Nxb2 19. Rxb2 Bd4 0-1

[Event "Djerba Festival Blitz 2025"]
[Site "Djerba"]
[Date "2025.02.21"]
[Round "7.6"]
[White "Kakavand, Ramtin"]
[Black "Edouard, Romain"]
[Result "1/2-1/2"]
[ECO "B51"]
[WhiteElo "2106"]
[BlackElo "2544"]
[PlyCount "127"]
[EventDate "2025.02.15"]
[EventType "swiss"]
[EventCountry "TUN"]
[TimeControl "180+3"]

1. e4 c5 2. Nf3 d6 3. Bb5+ Nd7 4. a4 Ngf6 5. Nc3 g6 6. O-O Bg7 7. d4 cxd4 8. Qxd4 O-O 9. Re1 a6 10. Bf1 b6 11. e5 dxe5 12. Nxe5 Bb7 13. Nxd7 Nxd7 14. Qh4 e6 15. Bg5 Bf6 16. Bxf6 Qxf6 17. Qxf6 Nxf6 18. Rad1 Nd5 19. Nxd5 Bxd5 20. c4 Bc6 21. Rd6 Rfc8 22. b3 Kf8 23. a5 Ke7 24. Rd3 b5 25. c5 b4 26. Rd6 Be8 27. Rxa6 Rxa6 28. Bxa6 Rxc5 29. Ra1 Kd6 30. Be2 Kc7 31. a6 Kb8 32. h4 Ka7 33. Bc4 Bc6 34. Rd1 Bd5 35. Bxd5 exd5 36. Rd4 Rb5 37. Kf1 Kxa6 38. Ke2 Kb6 39. Rf4 f5 40. g4 fxg4 41. Rxg4 Kc5 42. h5 Rb6 43. Rh4 g5 44. Rg4 h6 45. f4 Re6+ 46. Kf3 Rf6 47. Ke3 Rxf4 48. Rg1 Rh4 49. Rc1+ Kd6 50. Rc8 Rxh5 51. Rb8 Rh3+ 52. Kd4 Rh4+ 53. Kd3 Ke5 54. Re8+ Kf4 55. Rd8 g4 56. Rxd5 Kg3 57. Ke2 Kh2 58. Rd4 Kh3 59. Rxb4 g3 60. Rxh4+ Kxh4 61. Kf1 Kg4 62. b4 Kf4 63. b5 Ke5 64. Kg2 1/2-1/2

[Event "Djerba Festival Blitz 2025"]
[Site "Djerba"]
[Date "2025.02.21"]
[Round "7.7"]
[White "Achour, Mohamed Anis"]
[Black "Pichon, Ewen"]
[Result "0-1"]
[ECO "D00"]
[WhiteElo "2066"]
[BlackElo "2351"]
[PlyCount "52"]
[EventDate "2025.02.15"]
[EventType "swiss"]
[EventCountry "TUN"]
[TimeControl "180+3"]

1. d4 d5 2. Bf4 Nf6 3. e3 c5 4. dxc5 Nc6 5. Bb5 e6 6. b4 Bd7 7. c3 a5 8. Qb3 Nh5 9. Bxc6 bxc6 10. Ne2 Nxf4 11. Nxf4 Rb8 12. Nd3 Qf6 13. a3 e5 14. O-O e4 15. Nf4 Bxc5 16. Qa4 axb4 17. axb4 Bd6 18. g3 g5 19. Ne2 Kf8 20. Nd4 Rc8 21. Qa7 Bh3 22. Nd2 Bxf1 23. Rxf1 g4 24. Qb7 Rc7 25. Qb8+ Kg7 26. Qb6 Be5 0-1

[Event "Djerba Festival Blitz 2025"]
[Site "Djerba"]
[Date "2025.02.21"]
[Round "7.8"]
[White "Maghsoodloo, Parham"]
[Black "Zouaghi, Ahmed"]
[Result "1-0"]
[ECO "B10"]
[WhiteElo "2680"]
[BlackElo "1919"]
[PlyCount "67"]
[EventDate "2025.02.15"]
[EventType "swiss"]
[EventCountry "TUN"]
[TimeControl "180+3"]

1. e4 c5 2. Nf3 g6 3. c3 Bg7 4. d4 cxd4 5. cxd4 d5 6. exd5 Nf6 7. Bb5+ Nbd7 8. Nc3 O-O 9. Bg5 Nb6 10. O-O Nbxd5 11. Re1 a6 12. Bc4 Nb6 13. Bb3 Bg4 14. h3 Bxf3 15. Qxf3 Qd7 16. a4 Rac8 17. a5 Nc4 18. Qe2 Nxb2 19. Qxb2 Qxd4 20. Na4 Qxb2 21. Nxb2 e6 22. Rab1 Rc5 23. Bd2 Nd7 24. Nd3 Rcc8 25. Ba4 Nf6 26. Ne5 Nd5 27. Rxb7 h5 28. Nc6 Kh7 29. Ra7 Nc3 30. Bxc3 Bxc3 31. Re3 Rxc6 32. Bxc6 Bd4 33. Rxa6 Bxe3 34. fxe3 1-0

[Event "Djerba Festival Blitz 2025"]
[Site "Djerba"]
[Date "2025.02.21"]
[Round "7.10"]
[White "Amrane, Abdellah"]
[Black "Viers, Emmanuel"]
[Result "0-1"]
[ECO "B72"]
[WhiteElo "2021"]
[BlackElo "2072"]
[PlyCount "118"]
[EventDate "2025.02.15"]
[EventType "swiss"]
[EventCountry "TUN"]
[TimeControl "180+3"]

1. e4 c5 2. Nf3 Nc6 3. d4 cxd4 4. Nxd4 g6 5. Nc3 Bg7 6. Be3 Nf6 7. Be2 d5 8. exd5 Nxd5 9. Nxc6 bxc6 10. Nxd5 Qxd5 11. Qxd5 cxd5 12. Bb5+ Bd7 13. Bxd7+ Kxd7 14. O-O-O e6 15. Kb1 Rhc8 16. Rd3 a5 17. a4 Rab8 18. b3 Bc3 19. Bf4 Rb7 20. Bd2 Bxd2 21. Rxd2 Rc4 22. Kc1 Re4 23. f3 Re3 24. Kd1 Kc6 25. Rd4 Kc5 26. Rh4 h5 27. Kd2 Re5 28. Rf4 d4 29. h4 Kd5 30. Rd1 Re3 31. Kc1 e5 32. Rf6 Rc7 33. Ra6 Rxb3 34. Rxa5+ Ke6 35. Re1 f6 36. Kd1 Rb1+ 37. Kd2 Rxe1 38. Kxe1 Rxc2 39. Kf1 Ra2 40. Ra8 Kf5 41. g3 e4 42. Ra5+ Ke6 43. fxe4 f5 44. exf5+ gxf5 45. Ke1 Kf6 46. Rd5 Rxa4 47. Ke2 Ke6 48. Rd8 Ke5 49. Rh8 Ra2+ 50. Kf3 Ra3+ 51. Kf2 Ke4 52. Rxh5 d3 53. Rh8 Ra2+ 54. Ke1 Rg2 55. Rg8 Kf3 56. h5 Rh2 57. Rg5 Ke3 58. Rxf5 Rh1+ 59. Rf1 d2+ 0-1

[Event "Djerba Festival Blitz 2025"]
[Site "Djerba"]
[Date "2025.02.21"]
[Round "7.11"]
[White "Ajbara Jamal"]
[Black "Amdouni, Zoubaier"]
[Result "0-1"]
[ECO "D35"]
[WhiteElo "1898"]
[BlackElo "2229"]
[PlyCount "34"]
[EventDate "2025.02.15"]
[EventType "swiss"]
[EventCountry "TUN"]
[TimeControl "180+3"]

1. d4 Nf6 2. Nf3 e6 3. c4 d5 4. Nc3 c6 5. cxd5 exd5 6. Bg5 Bd6 7. e3 Nbd7 8. Bd3 Nf8 9. h3 Ng6 10. e4 dxe4 11. Nxe4 Be7 12. Ng3 Bb4+ 13. Bd2 Qe7+ 14. Ne2 Nf4 15. Bxb4 Qxb4+ 16. Nc3 Qxb2 17. Qe2+ Nxe2 0-1

[Event "Djerba Festival Blitz 2025"]
[Site "Djerba"]
[Date "2025.02.21"]
[Round "7.12"]
[White "Bouzidi, Ahmed"]
[Black "MEZGOURI NOUREDDINE"]
[Result "1-0"]
[ECO "B01"]
[WhiteElo "2168"]
[BlackElo "1891"]
[PlyCount "83"]
[EventDate "2025.02.15"]
[EventType "swiss"]
[EventCountry "TUN"]
[TimeControl "180+3"]

1. e4 d5 2. exd5 Nf6 3. d4 Nxd5 4. Nf3 Bf5 5. c3 e6 6. Bd3 Bg4 7. O-O Be7 8. Nbd2 O-O 9. Nc4 Nd7 10. h3 Bh5 11. Ne3 N7b6 12. Ng4 Bxg4 13. hxg4 c5 14. Qe2 Bf6 15. g5 Be7 16. Qe4 g6 17. g3 cxd4 18. Qxd4 Nb4 19. Qxd8 Raxd8 20. Be4 Nc6 21. Kg2 f5 22. gxf6 Bxf6 23. Bh6 Bg7 24. Bg5 Bf6 25. Rad1 Nd5 26. c4 Ndb4 27. a3 Rxd1 28. Rxd1 Na6 29. Bh6 Rd8 30. Rxd8+ Nxd8 31. b4 b6 32. Bf4 e5 33. Bd5+ Kg7 34. Nxe5 Nc7 35. Nc6 Nxd5 36. cxd5 a6 37. Bc7 Nb7 38. Bxb6 Kf7 39. f4 Ke8 40. Ne5 g5 41. Bc5 gxf4 42. gxf4 1-0

[Event "Djerba Festival Blitz 2025"]
[Site "Djerba"]
[Date "2025.02.21"]
[Round "7.14"]
[White "Doucet, Pierre-Alois"]
[Black "Rene, Benoit"]
[Result "1-0"]
[ECO "B08"]
[WhiteElo "2027"]
[BlackElo "2108"]
[PlyCount "64"]
[EventDate "2025.02.15"]
[EventType "swiss"]
[EventCountry "TUN"]
[TimeControl "180+3"]

1. e4 g6 2. d4 Bg7 3. Nc3 d6 4. Nf3 Nf6 5. Be2 O-O 6. O-O Bg4 7. h3 Bxf3 8. Bxf3 Nc6 9. Be3 e5 10. d5 Ne7 11. Be2 Nd7 12. Qd2 f5 13. f3 Nf6 14. Bd3 Kh8 15. Ne2 f4 16. Bf2 g5 17. c4 Ng6 18. b4 h5 19. g4 Nh4 20. Bxh4 gxh4 21. Kh2 Bh6 22. c5 Rg8 23. Rg1 Rg5 24. Rac1 Qf8 25. Qe1 Qe7 26. cxd6 cxd6 27. Kh1 Rag8 28. Qxh4 Qg7 29. Rg2 Rg6 30. Rcg1 Bg5 31. Qe1 Qh6 32. Rh2 Qg7 1-0

[Event "Djerba Festival Blitz 2025"]
[Site "Djerba"]
[Date "2025.02.21"]
[Round "7.15"]
[White "Boulrens, Ala Eddine"]
[Black "Chelly, Yahya"]
[Result "0-1"]
[ECO "B13"]
[WhiteElo "2121"]
[BlackElo "2106"]
[PlyCount "66"]
[EventDate "2025.02.15"]
[EventType "swiss"]
[EventCountry "TUN"]
[TimeControl "180+3"]

1. e4 c6 2. d4 d5 3. exd5 cxd5 4. c4 Nf6 5. Nc3 Nc6 6. h3 e6 7. Nf3 dxc4 8. Bxc4 Be7 9. O-O O-O 10. Bf4 a6 11. Re1 b5 12. Bb3 Bb7 13. d5 exd5 14. Nxd5 Nxd5 15. Bxd5 Bf6 16. Rc1 Qb6 17. Be3 Qc7 18. Qc2 Rac8 19. Qf5 Qb8 20. Qh5 Nb4 21. Bxb7 Qxb7 22. Bc5 Nd3 23. Bxf8 Rxf8 24. b3 Nxe1 25. Rxe1 Qc7 26. Qf5 Qc3 27. Qd5 g6 28. Qb7 Qa5 29. Re2 Bg7 30. g3 Qc3 31. Kg2 Qa5 32. Rd2 Qa3 33. Qe7 Qxe7 0-1

[Event "Djerba Festival Blitz 2025"]
[Site "Djerba"]
[Date "2025.02.21"]
[Round "7.16"]
[White "Minde, Baptiste"]
[Black "Nassr, Lina"]
[Result "1-0"]
[ECO "D02"]
[WhiteElo "1896"]
[BlackElo "1934"]
[PlyCount "47"]
[EventDate "2025.02.15"]
[EventType "swiss"]
[EventCountry "TUN"]
[TimeControl "180+3"]

1. d4 d5 2. Bf4 Nf6 3. e3 e6 4. Nf3 Bd6 5. Bg3 c5 6. c3 O-O 7. Nbd2 Nc6 8. Bd3 b6 9. Ne5 Bb7 10. O-O Ne7 11. Bh4 Nf5 12. Bxf6 gxf6 13. Qg4+ Kh8 14. Nef3 Ng7 15. Qh4 f5 16. Ng5 h5 17. Be2 Be7 18. f4 f6 19. Nxe6 Nxe6 20. Qxh5+ Kg8 21. Rf3 Ng7 22. Rg3 Qe8 23. Qh6 Qf7 24. Bh5 1-0

[Event "Djerba Festival Blitz 2025"]
[Site "Djerba"]
[Date "2025.02.21"]
[Round "7.17"]
[White "Tahir, Abderrahmane"]
[Black "Kaabi, Iheb"]
[Result "0-1"]
[ECO "A07"]
[WhiteElo "1891"]
[BlackElo "1810"]
[PlyCount "162"]
[EventDate "2025.02.15"]
[EventType "swiss"]
[EventCountry "TUN"]
[TimeControl "180+3"]

1. Nf3 Nf6 2. g3 g6 3. Bg2 Bg7 4. d3 d5 5. Nbd2 O-O 6. O-O Re8 7. e4 dxe4 8. dxe4 Nc6 9. c3 e5 10. Qc2 Be6 11. Ng5 Bd7 12. Nc4 h6 13. Nf3 b5 14. Ne3 b4 15. Rd1 bxc3 16. bxc3 Qe7 17. Nd5 Nxd5 18. exd5 Nd8 19. a4 Rb8 20. Ba3 Bf5 21. Qd2 Qd7 22. d6 cxd6 23. Bxd6 Rc8 24. Bb4 Qxd2 25. Rxd2 Nc6 26. Nh4 Nxb4 27. Nxf5 gxf5 28. cxb4 e4 29. Bh3 Bxa1 30. Bxf5 Rcd8 31. Ra2 Bc3 32. b5 e3 33. fxe3 Rxe3 34. a5 Re1+ 35. Kf2 Rd2+ 36. Rxd2 Bxd2 37. b6 axb6 38. axb6 Re8 39. b7 Rb8 40. Bc8 Kf8 41. Kf3 Ke7 42. Ke4 Kf6 43. Kd5 Ke7 44. Kc6 Bc3 45. Bf5 Be5 46. Bc8 Kd8 47. Kd5 f6 48. Ke6 h5 49. Kf5 h4 50. gxh4 Bxh2 51. h5 Ke7 52. h6 Kf7 53. Be6+ Kf8 54. Bc8 Be5 55. Kg6 Kg8 56. Be6+ Kh8 57. Bc8 Bc3 58. h7 Be5 59. Kf5 Kxh7 60. Ke6 Kg6 61. Kd5 Kg5 62. Kc6 f5 63. Kd5 Bh2 64. Kd4 f4 65. Kd3 Bg3 66. Ke4 Kf6 67. Kf3 Ke5 68. Ke2 Ke4 69. Kf1 Ke3 70. Kg2 Ke4 71. Kf1 Kf3 72. Kg1 Ke2 73. Kg2 f3+ 74. Kxg3 f2 75. Bg4+ Ke1 76. Bh3 f1=Q 77. Bxf1 Kxf1 78. Kf4 Rxb7 79. Ke5 Rb4 80. Kd5 Ke2 81. Kc5 Rh4 0-1

[Event "Djerba Festival Blitz 2025"]
[Site "Djerba"]
[Date "2025.02.21"]
[Round "7.18"]
[White "Papaux, Steve"]
[Black "Dejardin, Gregoire"]
[Result "0-1"]
[ECO "E07"]
[WhiteElo "2204"]
[BlackElo "1932"]
[PlyCount "80"]
[EventDate "2025.02.15"]
[EventType "swiss"]
[EventCountry "TUN"]
[TimeControl "180+3"]

1. d4 c6 2. c4 d5 3. Nf3 Nf6 4. Nc3 e6 5. g3 Be7 6. Bg2 O-O 7. O-O Nbd7 8. Qd3 b6 9. e4 dxe4 10. Nxe4 Bb7 11. Rd1 Qc8 12. Bh3 Nxe4 13. Qxe4 Nf6 14. Qe2 Re8 15. Bf4 Qd8 16. Ne5 Bd6 17. Bg2 Rc8 18. c5 Bb8 19. b4 Nd5 20. a3 f6 21. Nd3 Nc3 22. Qg4 Nxd1 23. Rxd1 Qe7 24. Re1 Qf7 25. Bh3 Bxf4 26. gxf4 Ba6 27. Re3 Bxd3 28. Rxd3 Rcd8 29. Bg2 Qc7 30. Qf3 Rd5 31. Re3 Rxd4 32. Qe2 Qxf4 33. Bxc6 Red8 34. Kg2 e5 35. Qa2+ Kh8 36. Rg3 Rd2 37. Qf7 Rxf2+ 38. Kh3 Qf5+ 39. Rg4 Rd3+ 40. Kh4 Rxh2# 0-1

[Event "Djerba Festival Blitz 2025"]
[Site "Djerba"]
[Date "2025.02.21"]
[Round "7.19"]
[White "Bensadi, Lotfi"]
[Black "Rekik Ismail"]
[Result "1-0"]
[ECO "B07"]
[WhiteElo "1971"]
[BlackElo "2006"]
[PlyCount "141"]
[EventDate "2025.02.15"]
[EventType "swiss"]
[EventCountry "TUN"]
[TimeControl "180+3"]

1. e4 d6 2. d4 Nf6 3. Nc3 g6 4. Be3 c6 5. f3 Bg7 6. Qd2 h5 7. h4 Qa5 8. Nh3 b5 9. Bd3 Ba6 10. Ne2 Qxd2+ 11. Bxd2 Bb7 12. Nhf4 e5 13. dxe5 dxe5 14. Nh3 Nbd7 15. a4 a6 16. axb5 cxb5 17. Be3 O-O 18. Nf2 Rfc8 19. g4 Nc5 20. g5 Ne8 21. Nc3 Nxd3+ 22. cxd3 b4 23. Na4 Rc2 24. Nb6 Rd8 25. Nc4 Nd6 26. Rc1 b3 27. Rxc2 bxc2 28. Nxd6 Rxd6 29. Kd2 Rc6 30. Rc1 Bf8 31. Rxc2 Bb4+ 32. Kd1 Kf8 33. Rxc6 Bxc6 34. Bd2 Bc5 35. Ke2 Bb5 36. Be1 Ke7 37. Nd1 Bd4 38. Nc3 Bc6 39. Bf2 Bxf2 40. Kxf2 Kd6 41. b4 Ke6 42. Ke3 f6 43. f4 fxg5 44. fxg5 Kd6 45. d4 exd4+ 46. Kxd4 Bd7 47. Nd5 Be6 48. Nf4 Bf7 49. e5+ Kc6 50. e6 Be8 51. Ke5 Kb5 52. Kf6 Kxb4 53. Nxg6 a5 54. Ne5 Bb5 55. g6 a4 56. g7 a3 57. g8=Q a2 58. Qf8+ Kb3 59. Qa8 Kb2 60. Qb7 a1=Q 61. Qxb5+ Kc2 62. Qe2+ Kb3 63. Qd3+ Kb4 64. Qc4+ Ka5 65. Qc5+ Ka6 66. Ke7 Kb7 67. Kd6 Kb8 68. Nd7+ Ka8 69. Qc6+ Ka7 70. Qb6+ Ka8 71. Qb8# 1-0

[Event "Djerba Festival Blitz 2025"]
[Site "Djerba"]
[Date "2025.02.21"]
[Round "7.20"]
[White "Gemelli, Romain"]
[Black "Mendili, Jahed"]
[Result "1-0"]
[ECO "D30"]
[WhiteElo "2203"]
[BlackElo "1771"]
[PlyCount "67"]
[EventDate "2025.02.15"]
[EventType "swiss"]
[EventCountry "TUN"]
[TimeControl "180+3"]

1. d4 Nf6 2. c4 e6 3. Nf3 d5 4. Bg5 Be7 5. e3 Nbd7 6. Qc2 c5 7. Nc3 b6 8. Rd1 Bb7 9. dxc5 bxc5 10. Be2 O-O 11. O-O h6 12. Bh4 Rc8 13. Bg3 Qb6 14. Ne5 Nxe5 15. Bxe5 Rfd8 16. Bf3 Nd7 17. Bg3 Nf6 18. b3 d4 19. Bxb7 Qxb7 20. exd4 cxd4 21. Ne2 Bc5 22. Rd3 a5 23. Rfd1 Qb6 24. Be5 Ng4 25. Bxd4 Bxd4 26. Nxd4 Ne5 27. R3d2 Rd7 28. Qe4 Ng6 29. Nb5 Rxd2 30. Rxd2 Qc5 31. g3 Rf8 32. Qd4 Qf5 33. Qd3 Ne5 34. Qxf5 1-0

[Event "Djerba Festival Blitz 2025"]
[Site "Djerba"]
[Date "2025.02.21"]
[Round "7.23"]
[White "Kolodner, Garry"]
[Black "Zenaidi, Sadok"]
[Result "0-1"]
[ECO "D38"]
[WhiteElo "1697"]
[BlackElo "1872"]
[PlyCount "80"]
[EventDate "2025.02.15"]
[EventType "swiss"]
[EventCountry "TUN"]
[TimeControl "180+3"]

1. d4 Nf6 2. c4 e6 3. Nc3 Bb4 4. Bg5 d5 5. Nf3 O-O 6. e3 Nbd7 7. Bd3 c6 8. O-O Qa5 9. Bxf6 Nxf6 10. Qb3 Nd7 11. a3 Bd6 12. c5 Bb8 13. Qc2 h6 14. b4 Qc7 15. e4 dxe4 16. Nxe4 Qd8 17. a4 Nf6 18. b5 Qe7 19. Ne5 Bd7 20. Nxf6+ gxf6 21. Nxd7 Qxd7 22. Rad1 f5 23. h3 Kh8 24. Qd2 Kh7 25. g4 Rg8 26. Kh1 Qc7 27. f4 Qd7 28. Qc2 Qd5+ 29. Kh2 Kh8 30. Bc4 Qd7 31. gxf5 exf5 32. Rd2 Bc7 33. d5 Ba5 34. Rg2 cxd5 35. Rxg8+ Rxg8 36. Rd1 Bc7 37. Qc3+ Kh7 38. Rxd5 Bxf4+ 39. Kh1 Qe7 40. Qc1 Bxc1 0-1

[Event "Djerba Festival Blitz 2025"]
[Site "Djerba"]
[Date "2025.02.21"]
[Round "7.25"]
[White "Guinet, Stephane"]
[Black "Alonso Garuti, Luis Eugenio"]
[Result "0-1"]
[ECO "B01"]
[WhiteElo "1617"]
[BlackElo "1845"]
[PlyCount "76"]
[EventDate "2025.02.15"]
[EventType "swiss"]
[EventCountry "TUN"]
[TimeControl "180+3"]

1. e4 d5 2. exd5 Nf6 3. Nf3 Nxd5 4. Bc4 Nf6 5. O-O e6 6. d3 Bd6 7. Bg5 h6 8. Bh4 O-O 9. Nbd2 Be7 10. c3 Nbd7 11. d4 Nb6 12. Bb3 Nfd5 13. Bxe7 Qxe7 14. a4 Nd7 15. a5 N7f6 16. Ne5 b6 17. Nc6 Qe8 18. Ba4 Bd7 19. Nf3 Bxc6 20. Bxc6 Qxc6 21. Ne5 Qe8 22. Qc2 Nd7 23. Nc6 N7f6 24. Ne5 Nd7 25. Nc6 Nb8 26. Ne5 Nc6 27. Nf3 Nce7 28. Ne5 Ng6 29. Nf3 Rc8 30. b4 c5 31. dxc5 bxc5 32. Qd3 cxb4 33. cxb4 Nxb4 34. Qe4 Nd5 35. Qd4 Qe7 36. Rab1 Qc5 37. Qa4 Nc3 38. Rfc1 Nxa4 0-1

[Event "Djerba Festival Blitz 2025"]
[Site "Djerba"]
[Date "2025.02.21"]
[Round "7.26"]
[White "El Kadi, Ismael"]
[Black "Farouz, Paul"]
[Result "1-0"]
[ECO "B13"]
[WhiteElo "1852"]
[BlackElo "1680"]
[PlyCount "95"]
[EventDate "2025.02.15"]
[EventType "swiss"]
[EventCountry "TUN"]
[TimeControl "180+3"]

1. e4 c6 2. d4 d5 3. exd5 cxd5 4. Bd3 Nf6 5. Bf4 Nc6 6. c3 Bg4 7. Qb3 Na5 8. Qa4+ Nc6 9. Nd2 Bd7 10. Qc2 Rc8 11. Ngf3 Nb4 12. Qb1 Nxd3+ 13. Qxd3 a6 14. Ne5 Bb5 15. Qf3 e6 16. Nd3 Bd6 17. Bxd6 Qxd6 18. O-O O-O 19. Rfe1 Rfe8 20. Ne5 Re7 21. a4 Be8 22. Qg3 Nh5 23. Qh4 f6 24. Ng4 Bg6 25. Re3 Qf4 26. Qh3 Rf8 27. Nb3 b6 28. a5 e5 29. axb6 e4 30. Nc5 f5 31. Ne5 Rxe5 32. dxe5 Qxe5 33. Nd7 Nf4 34. Nxe5 Nxh3+ 35. gxh3 f4 36. Nxg6 hxg6 37. Re2 f3 38. Re3 Rf6 39. Rxa6 g5 40. b7 Rxa6 41. b8=Q+ Kh7 42. Re1 Rg6 43. Qe5 g4 44. hxg4 Kh6 45. h3 e3 46. fxe3 Rf6 47. Kf2 d4 48. Qh5# 1-0

[Event "Djerba Festival Blitz 2025"]
[Site "Djerba"]
[Date "2025.02.21"]
[Round "7.27"]
[White "Skhiri Youssef"]
[Black "Guinet, Andy"]
[Result "1-0"]
[ECO "A42"]
[WhiteElo "1808"]
[BlackElo "1665"]
[PlyCount "38"]
[EventDate "2025.02.15"]
[EventType "swiss"]
[EventCountry "TUN"]
[TimeControl "180+3"]

1. c4 g6 2. Nc3 Bg7 3. e4 d6 4. d4 f5 5. exf5 Bxf5 6. Be2 Nc6 7. d5 Ne5 8. Nf3 Nxf3+ 9. Bxf3 Nf6 10. O-O O-O 11. Re1 Qd7 12. h3 Rae8 13. g4 Nxd5 14. Bxd5+ e6 15. Bg2 e5 16. gxf5 Qxf5 17. Be3 b6 18. Qg4 Qf7 19. Bd5 h5 1-0

[Event "Djerba Festival Blitz 2025"]
[Site "Djerba"]
[Date "2025.02.21"]
[Round "7.28"]
[White "Dauvois, Theo"]
[Black "Alouani, Ahmed"]
[Result "1-0"]
[ECO "D10"]
[WhiteElo "1663"]
[BlackElo "1617"]
[PlyCount "73"]
[EventDate "2025.02.15"]
[EventType "swiss"]
[EventCountry "TUN"]
[TimeControl "180+3"]

1. d4 c6 2. c4 d5 3. Nc3 Bf5 4. cxd5 cxd5 5. Qb3 e6 6. Qxb7 Nd7 7. Bf4 a6 8. e3 Ngf6 9. Bxa6 Be7 10. Bc7 Qc8 11. Qxc8+ Rxc8 12. Bxc8 O-O 13. Bxd7 Nxd7 14. Nf3 Rc8 15. Bg3 Bb4 16. Rc1 Nb6 17. Nd2 Bd3 18. a3 Be7 19. Ne2 Nc4 20. Nxc4 dxc4 21. Nf4 Bf5 22. O-O g5 23. Ne2 Rd8 24. Rfe1 Rc8 25. Nc3 h5 26. e4 Bg6 27. h3 h4 28. Bh2 Bf6 29. d5 exd5 30. exd5 Rd8 31. d6 Bg7 32. Ne4 Bxb2 33. Rxc4 Bxe4 34. Rcxe4 Bxa3 35. Re8+ Rxe8 36. Rxe8+ Kg7 37. d7 1-0

[Event "Djerba Festival Blitz 2025"]
[Site "Djerba"]
[Date "2025.02.21"]
[Round "7.29"]
[White "El Gazzar, Ahmed"]
[Black "Hafsa, Yessine"]
[Result "0-1"]
[ECO "C25"]
[WhiteElo "1667"]
[BlackElo "1503"]
[PlyCount "90"]
[EventDate "2025.02.15"]
[EventType "swiss"]
[EventCountry "TUN"]
[TimeControl "180+3"]

1. e4 e5 2. Nc3 Nc6 3. f4 exf4 4. Nf3 Bb4 5. d4 d5 6. exd5 Qxd5 7. Bd2 Bxc3 8. Bxc3 Nf6 9. Qd2 Qe4+ 10. Be2 Ng4 11. h3 Ne3 12. Rc1 Nxg2+ 13. Kf2 Ne3 14. Rce1 Nxc2 15. Rc1 Qe3+ 16. Qxe3+ Nxe3 17. Bb5 Bd7 18. Rhe1 O-O-O 19. Bd2 Nd5 20. Bxf4 Nxf4 21. Ng5 Nxh3+ 22. Nxh3 Bxh3 23. Bxc6 bxc6 24. Rxc6 Rhe8 25. Rec1 Re7 26. Rh1 Bf5 27. Rc5 Bg6 28. Rhc1 Rxd4 29. a3 Rd2+ 30. Kf3 Rxb2 31. a4 Rb3+ 32. Kf2 Rbe3 33. Ra5 Re2+ 34. Kf3 Bh5+ 35. Kf4 g5+ 36. Kxg5 R7e5+ 37. Rxe5 Rxe5+ 38. Kf6 Ra5 39. Rc4 Bg6 40. Rh4 Rf5+ 41. Kg7 Kd7 42. Kf8 Re5 43. a5 Re8+ 44. Kg7 Ke7 45. Re4+ Bxe4 0-1